 Dungeon Crawl Stone Soup version 0.27-a0-1256-gced786f65e (webtiles) character file.

Game seed: 10951063797943867461

6503 bande the Cleaver (level 11, -3/67 HPs)
             Began as a Gargoyle Fighter on June 8, 2021.
             Was an Elder of Okawaru.
             Splashed by an oklob plant's acid (17 damage)
             ... on level 1 of the Lair of Beasts on June 10, 2021.
             The game lasted 00:21:20 (12491 turns).

bande the Cleaver (Gargoyle Fighter)               Turns: 12491, Time: 00:21:20

Health: -3/67      AC: 15    Str: 22    XL:     11   Next: 0%
Magic:  11/11      EV:  6    Int:  9    God:    Okawaru [****..]
Gold:   522        SH: 16    Dex: 10    Spells: 10/10 levels left

rFire    + . .     SeeInvis .   a - +0 war axe (drain)
rCold    . . .     Faith    .   c - +0 kite shield
rNeg     + . .     Spirit   .   g - +0 plate armour
rPois    ∞         Reflect  +   (no helmet)
rElec    +         Harm     .   (no cloak)
rCorr    .         Rampage  .   h - +0 pair of gloves
Will     .....                  (no boots)
Stlth    ..........             q - amulet of reflection
HPRegen  0.21/turn              w - ring of protection from fire
MPRegen  0.12/turn              (no ring)

@: corroded
A: sickness immunity, AC +8, negative energy resistance 1, electricity
resistance, torment resistance 1, petrification resistance
a: Renounce Religion, Heroism


You were on level 1 of the Lair of Beasts.
You worshipped Okawaru.
Okawaru was greatly pleased with you.
You visited 3 branches of the dungeon, and saw 10 of its levels.

You collected 522 gold pieces.

Inventory:

Hand Weapons
 a - a +0 war axe of draining (weapon)
 l - a +0 war axe
 m - a +1 flail of protection
Missiles
 e - 5 throwing nets (quivered)
Armour
 c - a +0 kite shield (worn)
 g - a +0 plate armour (worn)
 h - a +0 pair of gloves (worn)
Jewellery
 j - a ring of wizardry
 q - an amulet of reflection (around neck)
 w - a ring of protection from fire (left hand)
 A - an amulet of faith
Wands
 r - a wand of charming (4)
 s - a wand of polymorph (6)
 u - a wand of flame (14)
 y - a wand of iceblast (4)
 z - a wand of paralysis (10)
Scrolls
 f - 6 scrolls of identify
 k - a scroll of teleportation
 p - 2 scrolls of fog
 t - a scroll of magic mapping {unknown}
 x - a scroll of immolation {unknown}
Potions
 b - a potion of invisibility {unknown}
 d - 3 potions of curing {unknown}
 i - 2 potions of haste
 n - a potion of brilliance
 o - a potion of magic
 v - a potion of flight {unknown}


   Skills:
 + Level 7.5 Fighting
 + Level 9.6 Axes
 + Level 8.2 Armour
 - Level 2.1 Dodging
 + Level 9.4 Shields
 * Level 1.1 Invocations
 * Level 0.9 Evocations


You had 10 spell levels left.
You didn't know any spells.
Your spell library was empty.

Dungeon Overview and Level Annotations

Branches:
Dungeon (8/15)             Temple (1/1) D:6            Lair (1/6) D:8

Altars:
Ashenzari
Cheibriados
Dithmenos
Elyvilon
Kikubaaqudgha
Makhleb
Nemelex Xobeh
Okawaru
Qazlal
Ru
Trog
Xom
Yredelemnul
Zin
The Shining One

Shops:
D:8 *

Annotations:
Lair:1 exclusion: 3 oklob plants


Innate Abilities, Weirdness & Mutations

You are immune to sickness and miasma.
Your stone body is resilient. (AC +8)
You are immune to poison.
You resist negative energy. (rN+)
You are resistant to electric shocks. (rElec)
You are resistant to unholy torment.
You are immune to petrification.


Message History

Found a potion of heal wounds.
An oklob plant comes into view.
You block the bullfrog's attack. x2
Marking area around an oklob plant as unsafe for travelling.
Found a trident, 27 gold pieces and a runed short sword.
You closely miss the bullfrog. You block the bullfrog's attack.
The bullfrog hits you but does no damage.
You slash the bullfrog!
The bullfrog is severely wounded.
You block the bullfrog's attack.
You miss the bullfrog.
The bullfrog is severely wounded.
You block the bullfrog's attack.
The bullfrog hits you but does no damage.
You barely miss the bullfrog.
The bullfrog is severely wounded.
The bullfrog hits you but does no damage.
You block the bullfrog's attack.
Your plate armour prevents you from hitting the bullfrog.
The bullfrog is severely wounded.
The bullfrog hits you but does no damage.
You slash the bullfrog!
You kill the bullfrog!
Okawaru accepts your kill.
You have reached level 11!
There are monsters nearby!
An oklob plant comes into view.
The oklob plant spits acid at you.
The splash of acid hits you but does no damage.
The acid corrodes you!
You are splashed with acid!
The oklob plant spits acid at you. The splash of acid hits you.
The acid corrodes you!
You are splashed with acid!
Marking area around an oklob plant as unsafe for travelling.
Found 15 gold pieces and a shiny helmet.
You see here a bullfrog corpse.
The oklob plant spits acid at you. The splash of acid hits you!
* * * LOW HITPOINT WARNING * * *
You are splashed with acid!
You die...

#..# #..# . #..## ..
P..# ... # #..# ....
## #..## ..... .##
######...#....). ..##
####.#....@†..#
...####.......P###...#
..#......##.####
....!P$ ##....#######
...PP$[ ##.### ....).P
#.# #..P$.. ..# #.####
#... .# ...#


You could see 2 oklob plants.

Vanquished Creatures
  Harold (D:7)
  A komodo dragon (Lair:1)
  Prince Ribbit (D:5)
  2 basilisks
  6 yaks
  A wyvern (D:7)
  Eustachio (D:5)
  A steam dragon (D:8)
  Edmund (D:5)
  4 black bears
  A sky beast (D:6)
  A necrophage (D:8)
  A hornet zombie (D:8)
  3 ogres
  A centaur (D:6)
  A phantom (D:5)
  A kobold brigand (D:6)
  4 bullfrogs
  A gnoll sergeant (D:4)
  A scorpion (D:5)
  2 wyvern zombies
  3 water moccasin zombies
  3 killer bees (D:7)
  A howler monkey (D:5)
  5 wights
  5 centaur zombies
  4 bullfrog zombies
  3 hounds
  4 orc priests
  2 bullfrog skeletons (D:6)
  2 centaur skeletons
  3 iguanas
  7 orc wizards
  6 killer bee zombies
  A howler monkey zombie (D:6)
  4 adders
  4 gnolls
  A howler monkey skeleton (D:7)
  A shadow imp (D:7)
  2 white imps
  2 adder skeletons (D:4)
  A worm (D:2)
  2 dart slugs
  20 orcs
  8 ball pythons
  3 bats
  11 endoplasms
  A giant cockroach (D:1)
  5 goblins
  5 hobgoblins
  12 jackals
  3 quokkas
  7 frilled lizards
  11 kobolds
  A rat (D:1)
189 creatures vanquished.

Vanquished Creatures (others)
  A fungus (Lair:1)
  17 plants
  4 withered plants (D:6)
22 creatures vanquished.

Grand Total: 211 creatures vanquished

Notes
Turn   | Place    | Note
-------+----------+-------------------------------------------
     0 | D:1      | bande the Gargoyle Fighter began the quest for the Orb.
     0 | D:1      | Reached XP level 1. HP: 14/14 MP: 1/1
   346 | D:1      | Reached XP level 2. HP: 16/19 MP: 2/2
   650 | D:1      | Reached XP level 3. HP: 22/24 MP: 3/3
  1569 | D:2      | Upgraded the game from 0.27-a0-1232-gc6a4cbde82 to
                  | 0.27-a0-1256-gced786f65e
  1575 | D:2      | Reached XP level 4. HP: 29/29 MP: 4/4
  2697 | D:3      | Found a faded altar of an unknown god.
  3280 | D:4      | Reached XP level 5. HP: 18/33 MP: 5/5
  3546 | D:4      | Reached skill level 1 in Dodging
  4018 | D:5      | Entered Level 5 of the Dungeon
  4234 | D:5      | Reached XP level 6. HP: 33/38 MP: 6/6
  4272 | D:5      | Noticed Edmund
  4314 | D:5      | Killed Edmund
  5109 | D:5      | Reached XP level 7. HP: 40/44 MP: 7/7
  5132 | D:5      | Noticed Eustachio
  5159 | D:5      | Killed Eustachio
  5160 | D:5      | Reached skill level 5 in Shields
  5757 | D:5      | Reached skill level 5 in Armour
  5864 | D:5      | Reached skill level 5 in Axes
  5864 | D:5      | Reached XP level 8. HP: 22/48 MP: 8/8
  6627 | D:5      | Noticed Prince Ribbit
  6634 | D:5      | Reached skill level 5 in Fighting
  6650 | D:5      | Killed Prince Ribbit
  7184 | D:6      | Found a staircase to the Ecumenical Temple.
  7193 | Temple   | Entered the Ecumenical Temple
  7362 | Temple   | Became a worshipper of Warmaster Okawaru
  7573 | D:6      | Found a white marble altar of Elyvilon.
  7791 | D:6      | Reached XP level 9. HP: 12/55 MP: 9/9
  7799 | D:6      | Reached * piety under Okawaru
  8473 | D:6      | Found a shadowy altar of Dithmenos.
  8973 | D:6      | Reached ** piety under Okawaru
  9481 | D:7      | Found a burning altar of Makhleb.
  9835 | D:7      | Noticed Harold
 10521 | D:7      | Killed Harold
 10521 | D:7      | Reached *** piety under Okawaru
 10522 | D:7      | Reached XP level 10. HP: 48/61 MP: 10/10
 10793 | D:7      | Found a bloodstained altar of Trog.
 11205 | D:8      | Reached **** piety under Okawaru
 11408 | D:8      | Found Yqug's Lightly-Used Armoury.
 11473 | D:8      | Found a staircase to the Lair.
 12056 | D:8      | Identified the +1 ring mail "Pedext" {Regen+}
 12262 | Lair:1   | Entered Level 1 of the Lair of Beasts
 12405 | Lair:1   | Reached skill level 1 in Invocations
 12482 | Lair:1   | Noticed an oklob plant
 12483 | Lair:1   | Noticed an oklob plant
 12490 | Lair:1   | Reached XP level 11. HP: 67/67 MP: 11/11
 12490 | Lair:1   | Noticed an oklob plant
 12491 | Lair:1   | Splashed by an oklob plant's acid

Illustrated notes

Levels and vault maps discovered:
D:1:      saegor_arrival_simple_e, layout_loops_ring, minmay_split_cup_small
D:2:      layout_loops_ring
D:3:      layout_basic, basic_ecumenical_altar
D:4:      layout_basic, corexii_leaking_fountain, serial_bayou_lake_a
D:5:      layout_rooms, cheibrodos_gnoll_hut, uniq_edmund, uniq_eustachio,
          uniq_prince_ribbit1
D:6:      layout_cave_pods, old_standard_altar, elyvilon_altar_5,
          minmay_temple_entry_gardened_gates, serial_undead, serial_undead_e,
          serial_undead_c, serial_undead_b, serial_undead_c, serial_undead_a,
          serial_undead_d, serial_undead_a, serial_undead_a
D:7:      layout_gridville, lightli_temple_of_fire,
          nicolae_overflow_hidden_temple, kennysheep_nub, uniq_harold
D:8:      layout_rooms, lair_entry_dummy, minmay_shop_damaged, minmay_puff
Temple:   minmay_temple_curvy_loop
Lair:1:   layout_cave_pods, minmay_lair_oklob_chamber

Skill      XL: |  1  2  3  4  5  6  7  8  9 10 |
---------------+-------------------------------+-----
Axes           | 2 3 4 5 6 8 9 |  9.6
Shields        | 4 5 6 8 9 |  9.4
Fighting       | 4 5 6 7 |  7.5
Dodging        | 1 2 |  2.1
Armour         | 4 5 6 7 8 |  8.2
Invocations    | 1 |  1.1
Evocations     | |  0.9

Action                   |  1- 3 |  4- 6 |  7- 9 | 10-12 || total
-------------------------+-------+-------+-------+-------++-------
Melee: War axe           |   136 |   233 |   387 |   192 ||   948
  Use: Scroll            |       |    11 |     1 |     2 ||    14
       Potion            |       |     1 |     4 |       ||     5
Armor: Scale mail        |    79 |   100 |       |       ||   179
       Plate armour      |       |    95 |   416 |   154 ||   665
Dodge: Dodged            |    66 |    73 |   153 |    66 ||   358
Block: Kite shield       |    93 |   151 |   326 |   183 ||   753

Table legend: (Time is in decaauts)
 A = Elapsed time spent in this place.
 B = Non-inter-level travel time spent in this place.
 C = Inter-level travel time spent in this place.
 D = Time resting spent in this place.
 E = Time spent auto-exploring this place.
 F = Levels seen in this place.
 G = Mean time per level.
                   A        B        C        D        E       F      G
               +--------+--------+--------+--------+--------+-----+--------+
         Total |  12920 |  12880 |     40 |   4334 |   5857 |  10 | 1292.0 |
       Dungeon |  12492 |  12452 |     40 |   4243 |   5601 |   8 | 1561.5 |
        Temple |    195 |    195 |      0 |      0 |    162 |   1 |  195.0 |
          Lair |    232 |    232 |      0 |     91 |     94 |   1 |  232.0 |
               +--------+--------+--------+--------+--------+-----+--------+

Top non-repeatable levels by time:
     D:5: 3014 daAuts
     D:6: 2388 daAuts
     D:7: 1479 daAuts
     D:4: 1376 daAuts
     D:1: 1359 daAuts
     D:3: 1011 daAuts
     D:8: 1007 daAuts
     D:2: 854 daAuts
  Lair:1: 232 daAuts
  Temple: 195 daAuts
